 Dungeon Crawl Stone Soup version 0.17-a0-2074-gaf3f87d (webtiles) character file.

131 Gargoyl the Skirmisher (level 4, 0/55 HPs)
             Began as a Demonspawn Abyssal Knight on Oct 15, 2015.
             Was a Believer of Lugonu.
             Succumbed to a gnoll's poison
             ... on level 3 of the Dungeon.
             The game lasted 00:03:54 (2060 turns).

Gargoyl the Skirmisher (Demonspawn Abyssal Knight)  Turns: 2060, Time: 00:03:54

Health: 0/55       AC: 22    Str: 18    XL:     4   Next: 91%
Magic:  6/6        EV:  2    Int: 14    God:    Lugonu [**....]
Gold:   234        SH:  0    Dex: 12    Spells: 0 memorised, 3 levels left

rFire  . . .     SeeInvis .     x - +0 war axe
rCold  . . .     Clarity  .     (armour currently unavailable)
rNeg   + + +     SustAt   .     (no shield)
rPois  +         Gourm    .     (helmet currently unavailable)
rElec  .         Spirit   .     (cloak currently unavailable)
rCorr  .         Warding  .     (gloves currently unavailable)
rMut   .         NoTele   +     (boots currently unavailable)
MR     .....                    (no amulet)
Stlth  +.........               (no ring)
                                s - ring of flight

@: mighty, lethally poisoned (0 -> -30), tree-form, not resistant to hostile
enchantments, very unstealthy
A: (icy blue scales 0), (spiny 0)
a: Depart the Abyss, Bend Space, Renounce Religion


You were on level 3 of the Dungeon.
You worshipped Lugonu.
Lugonu was pleased with you.
You were not hungry.
You were a tree.
You visited 1 branch of the dungeon, and saw 3 of its levels.
You visited the Abyss 1 time.

You collected 234 gold pieces.

Inventory:

Hand Weapons
 v - a cursed -3 flail
 x - a +0 war axe (weapon)
Armour
 g - a +0 chain mail (melded)
 l - a +0 pair of gloves (melded)
 u - a +0 cloak (melded)
Jewellery
 s - a ring of flight (left branch)
Scrolls
 b - 2 scrolls of identify {unknown}
 e - 2 scrolls of recharging {unknown}
 k - 2 scrolls of enchant weapon {unknown}
 m - 3 scrolls of remove curse {unknown}
 n - a scroll of magic mapping {unknown}
 w - 2 scrolls of immolation {unknown}
Potions
 a - a potion of lignification
 h - a potion of might
 i - a potion of resistance {unknown}
 o - a potion of cancellation
 p - a potion of heal wounds {unknown}
 q - 3 potions of curing {unknown}
 r - a potion of flight {unknown}
 t - a potion of agility {unknown}
Comestibles
 c - a bread ration
 d - a beef jerky
 f - 2 slices of pizza
 j - 2 meat rations


   Skills:
 + Level 4.1 Fighting
 + Level 2.2 Axes
 + Level 2.7 Armour
 + Level 1.2 Dodging
 + Level 0.2 Stealth
 + Level 3.6 Invocations


You had 3 spell levels left.
You didn't know any spells.

Dungeon Overview and Level Annotations

Branches:
Dungeon (3/15)

Altars:
Kikubaaqudgha
Beogh


Innate Abilities, Weirdness & Mutations

((You are partially covered in icy blue scales (AC +1).))
((You are partially covered in sharp spines.))


Message History

You feel very sick. The gnoll is struck by your spines.
You kill the gnoll!
Lugonu accepts your kill.
Drink which item? (? for menu, Esc to quit)
It was a potion of cancellation.
You feel magically purged.
* * * LOW HITPOINT WARNING * * *
You feel very sick.
Drink which item? (? for menu, Esc to quit)
It was a potion of might.
You feel very mighty all of a sudden.
* * * LOW HITPOINT WARNING * * *
You feel sick.
Drink which item? (? for menu, Esc to quit)
It was a potion of lignification.
You turn into a tree.
Your +0 cloak melds into your body.
Your +0 pair of gloves melds into your body.
Your +0 chain mail melds into your body.
Your roots penetrate the ground.
You die...

..# #.# ..# #.# #
..#######.###.####
........#........#
#### ..#####.#..#
.##.#.....
........#..##.##.#...
...........#......?
........##.#.###)#
........##.(..†)♣#
..########.......#
..# ###.##### ..#
#......# ..##
######.# ...# .#.#
.#.###.### ..........


There were no monsters in sight!

Vanquished Creatures
  An orc priest (D:3)
  2 gnolls (D:3)
  3 adders
  3 orcs (D:3)
  A giant cockroach (D:3)
  7 goblins
  4 hobgoblins
  9 jackals
  8 bats
  2 giant newts (D:2)
  9 kobolds
  2 rats
51 creatures vanquished.

Notes
Turn   | Place    | Note
--------------------------------------------------------------
     0 | Abyss:1  | Gargoyl the Demonspawn Abyssal Knight began the quest for the Orb.
     0 | Abyss:1  | Reached XP level 1. HP: 18/18 MP: 2/2
    81 | Abyss:1  | Noticed a large abomination
    97 | D:1      | Escaped the Abyss
   227 | D:1      | Reached skill level 1 in Dodging
   310 | D:1      | Gained mutation: You are partially covered in sharp spines. [demonic ancestry]
   310 | D:1      | Reached XP level 2. HP: 24/24 MP: 3/3
   344 | D:1      | Reached * piety under Lugonu
   932 | D:2      | Gained mutation: You are partially covered in icy blue scales (AC +1). [demonic ancestry]
   932 | D:2      | Reached XP level 3. HP: 27/29 MP: 5/5
  1049 | D:2      | Found an ancient bone altar of Kikubaaqudgha.
  1526 | D:3      | Reached ** piety under Lugonu
  1581 | D:3      | Found a roughly hewn altar of Beogh.
  1590 | D:3      | Reached skill level 4 in Fighting
  1590 | D:3      | Reached XP level 4. HP: 20/37 MP: 6/6
  2060 | D:3      | Succumbed to a gnoll's poison

Vault maps used:
D:1:      dpeg_arrival_another_circle, minmay_misc_feat_nine_boxes
D:2:      kiku_gazebo_garden_becter
D:3:      kennysheep_orc_chapel

Action                   |  1- 3 |  4- 6 || total
-------------------------+-------+-------++-------
Melee: Hand axe          |    52 |       ||    52
       War axe           |     7 |    14 ||    21
Invok: Depart the Abyss  |     1 |       ||     1
  Use: Potion            |       |     3 ||     3
  Eat: Bread ration      |     1 |       ||     1
